 Dungeon Crawl Stone Soup version 0.28.0-53-g5a82cb258f (webtiles) character file.

Game seed: 5942589659410632092

62 issech the Chopper (level 3, 0/33 HPs)
             Began as a Minotaur Monk on June 24, 2022.
             Slain by an orc
             ... wielding a +0 dagger
              (3 damage)
             ... on level 4 of the Dungeon.
             The game lasted 00:05:33 (2365 turns).

issech the Chopper (Minotaur Monk)                  Turns: 2365, Time: 00:05:33

Health: 0/33       AC:  2    Str: 15    XL:     3   Next: 85%
Magic:  2/2        EV: 13    Int:  7    God:
Gold:   80         SH:  0    Dex: 14    Spells: 2/2 levels left

rFire   . . .      SeeInvis .   a - +0 hand axe
rCold   . . .      Faith    .   (no shield)
rNeg    . . .      Spirit   .   b - +0 robe
rPois   .          Reflect  .   (helmet restricted)
rElec   .          Harm     .   (no cloak)
rCorr   .          Rampage  .   (no gloves)
Will    .....                   (no boots)
Stlth   ++........              (no amulet)
HPRegen 0.11/turn               (no ring)
MPRegen 0.08/turn               (no ring)

@: no status effects
A: horns 2, retaliatory headbutt
a: no special abilities


You were on level 4 of the Dungeon.
You visited 1 branch of the dungeon, and saw 4 of its levels.

You collected 80 gold pieces.

Inventory:

Hand Weapons
 a - a +0 hand axe (weapon)
 k - a +0 hunting sling
Missiles
 g - 40 stones
 h - 4 silver boomerangs (quivered)
 j - 5 poisoned darts
 m - 47 sling bullets
Armour
 b - a +0 robe (worn)
 q - a +0 ring mail
Scrolls
 d - a scroll of fear
 f - a scroll of vulnerability {unknown}
 p - a scroll of magic mapping {unknown}
Potions
 c - a potion of ambrosia {unknown}
 e - a potion of haste {unknown}
 i - 2 potions of resistance
 l - a potion of attraction {unknown}
 n - a potion of flight {unknown}
 o - a potion of curing {unknown}


   Skills:
 + Level 4.3 Fighting
 + Level 4.5 Axes
 + Level 3.8 Dodging
 + Level 2.0 Stealth


You had 2 spell levels left.
You didn't know any spells.
Your spell library contained the following spells:

 Spells                   Type           Power      Damage    Failure   Level
 Magic Dart               Conj           0%         1d3       43%         1
 Searing Ray              Conj           0%         2d4       56%         2
 Fulminant Prism          Conj/Hex       0%         3d6       99%         4


Dungeon Overview and Level Annotations

Branches:
Dungeon (4/15)
 Temple: D:4-7

Altars:
Kikubaaqudgha


Innate Abilities, Weirdness & Mutations

You have a pair of horns on your head.
You reflexively headbutt those who attack you in melee.


Message History

A dart slug comes into view.
The orc priest shouts!
The orc throws a silver boomerang.
The silver boomerang closely misses you.
The orc priest calls down the wrath of Beogh upon you.
Beogh smites you!
The orc throws a silver boomerang.
The silver boomerang hits you. The dart slug launches a dart at you.
The slug dart misses you.
The orc throws a silver boomerang.
The silver boomerang hits you. The dart slug launches a dart at you.
The slug dart misses you.
Found a stone staircase leading down.
The orc hits you with a +0 whip.
The orc priest mumbles some strange prayers to Beogh against you.
You barely resist. The dart slug launches a dart at you.
The slug dart hits you.
The orc priest begins to cast a cantrip, but forgets the words!
The orc priest miscasts a cantrip.
The orc hits you with a +0 dagger. The orc hits you with a +0 whip.
* * * LOW HITPOINT WARNING * * *
The orc closely misses you. The orc hits you but does no damage.
The orc throws a silver boomerang.
The silver boomerang hits you.
* * * LOW HITPOINT WARNING * * *
x2 The orc throws a silver boomerang.
The silver boomerang hits you but does no damage.
* * * LOW HITPOINT WARNING * * *
The orc hits you but does no damage.
There is a stone staircase leading down here.
You can't go up here!
Unknown command.
The orc closely misses you. The orc barely misses you.
You climb downwards.
Found a mace.
There is a stone staircase leading up here.
You hit the orc.
The orc is severely wounded.
The orc hits you with a +0 dagger.
You die...

#..# #... #..##
.... ##).# ... #
#.####.#
####.####<.....#
#.....@oo..###.#
#.##.#####.# #
.# .# .. ≈≈ ≈≈≈


You could see 2 orcs.

Vanquished Creatures
  An adder (D:2)
  An adder zombie (D:2)
  An adder skeleton (D:2)
  2 dart slugs (D:2)
  A bat zombie (D:2)
  An endoplasm (D:2)
  3 giant cockroaches (D:1)
  8 goblins
  3 hobgoblins
  2 ball pythons
  2 ball python skeletons (D:2)
  5 bats (D:2)
  2 frilled lizards
  2 giant cockroach zombies (D:2)
  3 kobolds
  6 rats
43 creatures vanquished.

Vanquished Creatures (others)
  2 plants (D:3)
  7 withered plants (D:2)
9 creatures vanquished.

Grand Total: 52 creatures vanquished

Notes
Turn   | Place    | Note
-------+----------+-------------------------------------------
     0 | D:1      | issech the Minotaur Monk began the quest for the Orb.
     0 | D:1      | Reached XP level 1. HP: 19/19 MP: 0/0
   588 | D:1      | Reached XP level 2. HP: 26/27 MP: 1/1
  1460 | D:2      | Reached XP level 3. HP: 33/33 MP: 2/2
  1968 | D:2      | Found a faded altar of an unknown god.
  2169 | D:3      | Found an ancient bone altar of Kikubaaqudgha.
  2365 | D:4      | Slain by an orc

Illustrated notes

Levels and vault maps discovered:
D:1:      dpeg_arrival_long_road, layout_basic
D:2:      layout_loops_cross, serial_undead, serial_undead_a, serial_undead_b,
          serial_undead_f, serial_undead_b, serial_undead_a, serial_undead_f,
          serial_undead_f, serial_undead_d, ebering_ecumenical_altar_ruins
D:3:      layout_rooms, nicolae_kikubaaqudgha_miasma_corner,
          portal_sewer_entry_e, hangedman_glass_garden,
          chequers_serial_rivers_room_a
D:4:      layout_loops_ring, minivault_14

Skill      XL: |  1  2  3 |
---------------+----------+-----
Fighting       | 4 |  4.3
Axes           | 4 |  4.5
Stealth        | 2 |  2.0
Dodging        | |  3.8

Action                   || total
-------------------------++-------
Melee: Hand axe          ||    93
       Headbutt          ||     9
  Use: Scroll            ||     3
 Stab: Sleeping          ||     6
Armor: Robe              ||    23
Dodge: Dodged            ||    85
